 Dungeon Crawl Stone Soup version 0.24.0-13-gcf9b319 (webtiles) character file.

Game seed: 9187559668464702879, levelgen mode: deterministic

25 A7mans1 the Skirmisher (level 2, -1/24 HPs)
             Began as a Demonspawn Berserker on Dec 30, 2019.
             Was a Follower of Trog.
             Slain by a leopard gecko (4 damage)
             ... on level 2 of the Dungeon.
             The game lasted 00:02:01 (421 turns).

A7mans1 the Skirmisher (Demonspawn Berserker)        Turns: 421, Time: 00:02:01

Health: -1/24      AC:  3    Str: 17    XL:     2   Next: 82%
Magic:  2/2        EV: 12    Int:  8    God:    Trog [*.....]
Gold:   33         SH:  0    Dex: 12    Spells: 1/1 levels left

rFire    . . .     SeeInvis .     - Unarmed
rCold    + . .     Gourm    .   (no shield)
rNeg     . . .     Faith    .   a - +1 animal skin
rPois    .         Spirit   .   (no helmet)
rElec    .         Reflect  .   (no cloak)
rCorr    .         Harm     .   (no gloves)
MR       .....                  (no boots)
Stlth    +.........             (no amulet)
HPRegen  0.08/turn              (no ring)
MPRegen  0.08/turn              (no ring)

@: no status effects
A: cold resistance 1
a: Berserk, Renounce Religion


You were on level 2 of the Dungeon.
You worshipped Trog.
Trog was aware of your devotion.
You were not hungry.

You visited 1 branch of the dungeon, and saw 2 of its levels.

You collected 33 gold pieces.

Inventory:

Armour
 a - a +1 animal skin (worn)
Scrolls
 h - a scroll of identify
Potions
 c - a potion of heal wounds {unknown}
 d - a potion of magic {unknown}
 e - a potion of berserk rage
 f - a potion of brilliance {unknown}
 g - a potion of haste {unknown}
 i - a potion of cancellation {unknown}
Comestibles
 b - 2 rations


   Skills:
 + Level 3.3 Fighting
 + Level 2.0 Armour
 + Level 2.0 Dodging
 + Level 3.2 Unarmed Combat


You had one spell level left.
You didn't know any spells.
Your spell library was empty.

Dungeon Overview and Level Annotations

Branches:
Dungeon (2/15)

Altars:
Xom
The Shining One


Innate Abilities, Weirdness & Mutations

Your flesh is cold resistant. (rC+)


Message History

Found a shimmering altar of Xom.
There is an open door here.
The leopard gecko bites you.
* * * LOW HITPOINT WARNING * * *
The leopard gecko misses you. The leopard gecko bites you.
* * * LOW HITPOINT WARNING * * *
The leopard gecko closely misses you.
You miss the leopard gecko. The leopard gecko closely misses you.
You barely miss the leopard gecko. The leopard gecko barely misses you.
You hit the leopard gecko but do no damage.
The leopard gecko misses you.
You barely miss the leopard gecko. The leopard gecko misses you.
You hit the leopard gecko. Your punch misses the leopard gecko.
The leopard gecko is lightly wounded.
The leopard gecko closely misses you.
You hit the leopard gecko but do no damage.
The leopard gecko is lightly wounded.
The leopard gecko misses you. The leopard gecko bites you.
You die...

#.# #...# #.###.#
#.###...# #.# #.#
#.......###.###.######
###.#####...##........
##.##..##.[#.....#
#..#....#...<...####
#.##.⌠._#..###.)...#
#.#.....#..# #.###.##
#.#l@..##......# #...
#.'...⌠#.....### ###.
###....###(..# #.
#.....##.### ##
##.⌠._#..# #....#..##
### ## ##..##.... ...
#. ### .#..###.###.
.....#.#...


You could see a leopard gecko.

Vanquished Creatures
  An ooze (D:1)
  A worm (D:2)
  A leopard gecko (D:2)
  4 goblins
  2 hobgoblins (D:1)
  2 bats (D:1)
  2 kobolds (D:1)
  4 rats
17 creatures vanquished.

Notes
Turn   | Place    | Note
-------+----------+-------------------------------------------
     0 | D:1      | A7mans1 the Demonspawn Berserker began the quest for the
                  | Orb.
     0 | D:1      | Reached XP level 1. HP: 18/18 MP: 1/1
   122 | D:1      | Gained mutation: Your flesh is cold resistant. (rC+)
                  | [demonic ancestry]
   122 | D:1      | Reached XP level 2. HP: 9/24 MP: 2/2
   292 | D:1      | You fall into a shaft and drop 1 floor!
   411 | D:2      | Found a glowing golden altar of the Shining One.
   412 | D:2      | Found a shimmering altar of Xom.
   421 | D:2      | Slain by a leopard gecko

Levels and vault maps discovered:
D:1:      minmay_arrival_jagged, layout_loops_ring
D:2:      layout_loops_corners, gammafunk_temple_overflow_pools,
          eat_drink_and_be_merry_uskayaw, minmay_quantized

Skill      XL: |  1  2 |
---------------+-------+-----
Unarmed Combat | 3 |  3.2
Dodging        | 2 |  2.0
Armour         | 2 |  2.0
Fighting       | |  3.3

Action                   || total
-------------------------++-------
Melee: Unarmed           ||    73
       Punch             ||     2
  Use: Scroll            ||     2
Armor: Animal skin       ||    12
Dodge: Dodged            ||    47
